 Dungeon Crawl Stone Soup version 0.19-a0-1888-g6ba2374 (webtiles) character file.

1199 Naow the Blocker (level 8, -11/58 HPs)
             Began as a Formicid Fighter on Oct 17, 2016.
             Was a Believer of Okawaru.
             Killed by divine providence
             ... invoked by an orc priest
              (15 damage)
             ... on level 6 of the Dungeon.
             The game lasted 00:10:25 (5770 turns).

Naow the Blocker (Formicid Fighter)                 Turns: 5770, Time: 00:10:25

Health: -11/58     AC: 12    Str: 23    XL:     8   Next: 72%
Magic:  8/8        EV:  6    Int:  8    God:    Okawaru [**....]
Gold:   195        SH: 12    Dex: 10    Spells: 0 memorised, 7 levels left

rFire  . . .     SeeInvis +     a - +0 war axe
rCold  . . .     Gourm    .     y - +0 plate armour
rNeg   . . .     Faith    .     c - +0 shield
rPois  .         Spirit   .     (helmet unavailable)
rElec  .         Dismiss  .     t - +0 cloak
rCorr  +         Reflect  .     (no gloves)
MR     +....     Harm     .     (no boots)
Stlth  ..........               (no amulet)
                                l - ring of protection from magic (curse)
                                k - ring of resist corrosion

@: no status effects
A: permanent stasis, dig shafts and tunnels, four strong arms, antennae 3
a: Dig, Shaft Self, Heroism, Renounce Religion


You were on level 6 of the Dungeon.
You worshipped Okawaru.
Okawaru was pleased with you.
You were very hungry.

You visited 1 branch of the dungeon, and saw 6 of its levels.
You also visited: Ossuary.

You collected 195 gold pieces.

Inventory:

Hand Weapons
 a - a +0 war axe (weapon)
Armour
 b - a +0 scale mail
 c - a +0 shield (worn)
 t - a +0 cloak (worn)
 y - a +0 plate armour (worn)
Jewellery
 k - a ring of resist corrosion (left hand)
 l - a cursed ring of protection from magic (right hand)
 n - an uncursed amulet of regeneration {unknown}
Wands
 D - a wand of digging (17/24)
Scrolls
 d - 2 scrolls of amnesia {unknown}
 e - 2 scrolls of blinking {unknown}
 g - 8 scrolls of identify {unknown}
 h - 4 scrolls of remove curse {unknown}
 i - 2 scrolls of summoning {unknown}
 j - 2 scrolls of teleportation {unknown}
 z - 2 scrolls of enchant armour {unknown}
 A - 2 scrolls of magic mapping {unknown}
 B - a scroll of immolation {unknown}
Potions
 m - a potion of cure mutation
 o - 2 potions of flight {unknown}
 q - a potion of invisibility {unknown}
 r - a potion of might
 s - 2 potions of curing
 u - a potion of heal wounds {unknown}
 w - a potion of mutation {unknown}
 x - a potion of resistance {unknown}
Comestibles
 f - 5 bread rations
 p - a slice of pizza
 v - a beef jerky


   Skills:
 - Level 3.5 Fighting
 - Level 5.0 Axes
 - Level 3.3 Armour
 + Level 10.7 Shields


You had 7 spell levels left.
You didn't know any spells.

Dungeon Overview and Level Annotations

Branches:
Dungeon (6/15)
 Temple: D:4-7

Altars:
Makhleb
Nemelex Xobeh
Okawaru

Shops:
D:4 !   D:5 =


Innate Abilities, Weirdness & Mutations

You are under a permanent stasis effect.
You can dig through walls and to a lower floor.
Your four strong arms can wield two-handed weapons with a shield.
You have a pair of large antennae on your head. (SInv)


Message History

The orc priest completely misses you.
You slash the orc priest!
The orc priest is almost dead.
The orc priest invokes the aid of Beogh against you.
Pain shoots through your body!
You hit the orc priest but do no damage.
The orc priest is almost dead.
The orc priest mumbles some strange prayers to Beogh against you.
Beogh smites you!
* * * LOW HITPOINT WARNING * * *
You barely miss the orc priest.
The orc priest is almost dead.
The orc priest mumbles some strange prayers to Beogh against you.
Pain shoots through your body!
* * * LOW HITPOINT WARNING * * *
You barely miss the orc priest.
The orc priest is almost dead.
The orc priest mumbles some strange prayers to Beogh against you.
Beogh smites you!
You die...

...###......#.#
............#.# ##
..............##...
............#......
....................
........)...........
......>.......#.....
...........#)....#
.........).o@)..#
........[..$))..#
.#..#...[.รท##.#.#
.........### .....
.##....<## ###....
....#..## o..
##....# .# #...##
<...


You could see an orc priest.

Vanquished Creatures
  A hornet zombie (D:6)
  An ogre (D:6)
  A centaur (D:5)
  2 scorpions (D:5)
  A hound (D:5)
  4 orc priests (D:6)
  Crazy Yiuf (D:4)
  A centaur skeleton (D:6)
  A jelly (D:5)
  4 orc wizards
  An iguana (D:4)
  4 worker ants
  6 big kobold zombies (Ossuary)
  A mummy (Ossuary)
  Robin (D:2)
  8 adders
  2 oozes
  An adder zombie (D:6)
  2 worms (D:2)
  2 dart slugs
  4 leopard geckos
  14 orcs
  3 spectral bats (Ossuary)
  2 giant cockroaches
  6 gnoll zombies (Ossuary)
  13 hobgoblins
  10 jackals
  5 quokkas
  2 ball pythons (D:2)
  11 bats
  3 bat simulacra (Ossuary)
  5 frilled lizards
  5 goblins
  4 goblin simulacra (Ossuary)
  6 goblin zombies (Ossuary)
  5 hobgoblin zombies (Ossuary)
  8 kobolds
  2 kobold simulacra (Ossuary)
  3 kobold zombies (Ossuary)
  4 orc zombies (Ossuary)
  A quokka zombie (D:5)
  9 rats
  2 rat simulacra (Ossuary)
  2 spectral goblins (Ossuary)
  5 spectral kobolds (Ossuary)
  A spectral rat (Ossuary)
  A bush (D:2)
181 creatures vanquished.

Notes
Turn   | Place    | Note
-------+----------+-------------------------------------------
     0 | D:1      | Naow the Formicid Fighter began the quest for the Orb.
     0 | D:1      | Reached XP level 1. HP: 18/18 MP: 1/1
   181 | D:1      | Reached XP level 2. HP: 20/24 MP: 2/2
   281 | D:1      | Reached skill level 4 in Shields
   549 | D:2      | Found an iron altar of Okawaru.
   556 | D:2      | Reached XP level 3. HP: 21/29 MP: 3/3
   559 | D:2      | Became a worshipper of Warmaster Okawaru
   563 | D:2      | Noticed Robin
   584 | D:2      | Killed Robin
   584 | D:2      | Reached XP level 4. HP: 11/35 MP: 4/4
   955 | D:2      | Reached skill level 5 in Shields
  1495 | D:3      | Found a burning altar of Makhleb.
  1687 | D:3      | Reached XP level 5. HP: 41/41 MP: 5/5
  2732 | D:4      | Reached XP level 6. HP: 47/47 MP: 6/6
  2804 | D:4      | Found a runed door.
  2889 | D:4      | Found a sand-covered staircase.
  2894 | Ossuary  | Entered an ossuary
  2985 | Ossuary  | Reached skill level 6 in Shields
  3267 | Ossuary  | Reached * piety under Okawaru
  3460 | D:4      | Reached XP level 7. HP: 40/52 MP: 7/7
  3561 | D:4      | Found Caofriti's Distillery.
  3616 | D:4      | Reached skill level 5 in Axes
  4327 | D:4      | Reached skill level 7 in Shields
  4407 | D:4      | Noticed Crazy Yiuf
  4414 | D:4      | Killed Crazy Yiuf
  4444 | D:5      | Entered Level 5 of the Dungeon
  4684 | D:5      | Found a sparkling altar of Nemelex Xobeh.
  4712 | D:5      | Found Nepietue's Jewellery Boutique.
  4841 | D:5      | Reached skill level 8 in Shields
  5035 | D:5      | Reached XP level 8. HP: 58/58 MP: 8/8
  5047 | D:5      | Reached skill level 9 in Shields
  5487 | D:6      | Reached skill level 10 in Shields
  5763 | D:6      | Reached ** piety under Okawaru
  5770 | D:6      | Killed from afar by an orc priest

Vault maps used:
D:1:      evilmike_arrival_crescent
D:2:      minmay_hedge_maze, st_stairs_6, okawaru_metal_pillars_3, uniq_robin
D:3:      first_bread, minmay_misc_feat_rows, nrook_uturn, bloody_makhleb
D:4:      nicolae_ossuary_entry_plus, serial_shops, nicolae_shop_waterfront,
          uniq_crazy_yiuf_cottage
D:5:      serial_shops, nicolae_shop_temple_entry_statues_fountains,
          nemelex_spade_bored_becter
D:6:      gup_sewer_entry_bowl
Ossuary:  ossuary_zaba_two_paths

Skill      XL: |  1  2  3  4  5  6  7  8 |
---------------+-------------------------+-----
Shields        | 4 5 6 8 10 | 10.7
Axes           | 3 4 5 |  5.0
Fighting       | |  3.5
Armour         | |  3.3

Action                   |  1- 3 |  4- 6 |  7- 9 || total
-------------------------+-------+-------+-------++-------
Melee: War axe           |    68 |   443 |   194 ||   705
Invok: Heroism           |       |       |     3 ||     3
  Use: Potion            |     1 |     3 |       ||     4
  Eat: Chunk             |       |     8 |     8 ||    16
Armor: Scale mail        |    43 |   157 |    16 ||   216
       Plate armour      |       |       |    60 ||    60
Dodge: Dodged            |    34 |   135 |    42 ||   211
Block: Shield            |    37 |   234 |   117 ||   388
